 Dungeon Crawl Stone Soup version 0.30-a0-989-g0d87f670db (webtiles) character file.

Game seed: 16124655415232074833

5289 ytrimaz the Protected (level 10, 0/127 HPs)
             Began as a Formicid Fighter on Apr 2, 2023.
             Was a High Priest of Okawaru.
             Slain by a troll (7 damage)
             ... on level 9 of the Dungeon.
             The game lasted 00:11:02 (6695 turns).

ytrimaz the Protected (Formicid Fighter)            Turns: 6695, Time: 00:11:03

Health: 0/127      AC: 25    Str: 24    XL:     10   Next: 94%
Magic:  15/15      EV:  2    Int: 15    God:    Okawaru [*****.]
Gold:   120        SH:  5    Dex: 13    Spells: 9/9 levels left

rFire   . . .      SeeInvis .    D - +0 war axe (vamp)
rCold   . . .      Faith    .    c - +0 buckler
rNeg    . . .      Spirit   .    g - melded +1 chain mail of the Flute {+Blink rC+ Will+}
rPois   +          Reflect  .    (helmet unavailable)
rElec   .          Rampage  .    (cloak currently unavailable)
rCorr   .                        (gloves currently unavailable)
Will    +....                    (boots currently unavailable)
Stlth   +                        e - amulet of regeneration
HPRegen 1.21/turn                k - +6 ring of intelligence
MPRegen 0.14/turn                y - ring of poison resistance

@: tree-form
A: stationary, stasis, torment immunity, boosted hp, permanent stasis, dig
shafts and tunnels, (antennae 3), four strong arms
a: Renounce Religion, Heroism, Finesse, Duel


You were on level 9 of the Dungeon.
You worshipped Okawaru.
Okawaru was extremely pleased with you.
You were a tree.
You visited 2 branches of the dungeon, and saw 10 of its levels.
You also visited: Sewer.

You collected 516 gold pieces.
You spent 396 gold pieces at shops.


Innate Abilities, Weirdness & Mutations

You are a tree.
Your roots penetrate the ground, keeping you stationary.
You cannot be teleported.
You are immune to unholy pain and torment.
Your maximum health is greatly increased.
Your equipment is partially melded.
You cannot be hasted, slowed, berserked, paralysed or teleported.
You can dig through walls and to a lower floor.
((You have a pair of large antennae on your head. (SInv)))
Your four strong arms can wield two-handed weapons with a shield.


   Skills:
 - Level 10.0 Fighting
 - Level 8.0 Axes
 - Level 10.0 Armour
 - Level 4.0 Shields
 + Level 7.0 Invocations


You had 9 spell levels left.
You didn't know any spells.
Your spell library contained the following spells:

 Spells                   Type           Power      Damage    Failure   Level
 Foxfire                  Conj/Fire      0%         2x1d2     32%         1
 Freeze                   Ice            0%         1d3       32%         1
 Slow                     Hex            0%         N/A       32%         1
 Ensorcelled Hibernation  Hex/Ice        0%         N/A       45%         2
 Sublimation of Blood     Necr           0%         N/A       45%         2
 Wereblood                Tmut           0%         N/A       45%         2
 Confusing Touch          Hex            0%         N/A       69%         3
 Frozen Ramparts          Ice            0%         1d1       69%         3
 Hailstorm                Conj/Ice       0%         3d3       69%         3
 Spider Form              Tmut/Pois      0%         N/A       69%         3
 Vampiric Draining        Necr           0%         2d6       69%         3
 Anguish                  Hex/Necr       0%         N/A       97%         4
 Passage of Golubria      Tloc           0%         N/A       97%         4
 Petrify                  Tmut/Erth      0%         N/A       97%         4
 Fireball                 Conj/Fire      0%         3d3       100%        5
 Irradiate                Conj/Tmut      0%         3d11      100%        5
 Yara's Violent Unravell  Hex/Tmut       0%         3d3       100%        5
 Starburst                Conj/Fire      0%         6d3       100%        6
 Tukima's Dance           Hex            Unusable   N/A       N/A         3
 Summon Hydra             Summ           Unusable   N/A       N/A         7

Inventory:

Hand Weapons
 a - a +1 war axe of protection
 D - a +0 vampiric war axe (weapon)
   (You bought it in a shop on level 8 of the Dungeon)
Missiles
 j - 22 poisoned darts
 B - a throwing net
Armour
 b - a +1 scale mail
 c - a +0 buckler (worn)
 g - the +1 chain mail of the Flute (melded) {+Blink rC+ Will+}
   (You found it on level 3 of the Dungeon)

   rC:        It protects you from cold.
   +Blink:    It lets you blink.
   Will:      It increases your willpower.
Jewellery
 e - an amulet of regeneration (around neck)
   (You found it on level 2 of the Dungeon)
 k - a +6 ring of intelligence (left branch)
   (You found it on level 2 of the Dungeon)
 t - a ring of fire
   (You found it on level 6 of the Dungeon)
 x - a ring of fire
   (You found it on level 5 of the Dungeon)
 y - a ring of poison resistance (right branch)
   (You found it on level 6 of the Dungeon)
Wands
 d - a wand of flame (21) (quivered)
   (You found it on level 4 of the Dungeon)
 l - a wand of mindburst (12)
   (You found it on level 2 of the Dungeon)
 E - a wand of polymorph (2)
   (You found it on level 8 of the Dungeon)
Scrolls
 f - 2 scrolls of brand weapon
 h - 3 scrolls of immolation
 o - a scroll of vulnerability
 p - a scroll of magic mapping
 w - 3 scrolls of fear
 z - 2 scrolls of enchant weapon
Potions
 i - 3 potions of mutation
 m - 3 potions of might
 n - 4 potions of brilliance
 q - 3 potions of invisibility
 r - 3 potions of curing
 s - a potion of lignification
 A - a potion of flight {unknown}
 C - a potion of magic {unknown}
 F - a potion of berserk rage {unknown}

Dungeon Overview and Level Annotations

Branches:
Dungeon (9/15) Zot: 26811  Temple (1/1) D:4 Zot: 5983   Sewer (visited)
   Lair: D:8-11         Orc: D:9-12

Altars:
Ashenzari
Cheibriados
Dithmenos
Elyvilon
Fedhas
Hepliaklqana
Kikubaaqudgha
Makhleb
Nemelex Xobeh
Okawaru
Qazlal
Ru
Sif Muna
Trog
Uskayaw
Vehumet
Wu Jian
Xom
Yredelemnul
Zin
The Shining One

Shops:
D:4 !   D:8 *

Annotations:
D:3 exclusion: moth of wrath
D:8 2 transporters

.# .## ..# #. ..#
#. ..# #. ..# #.##
. ### #..##{{ ...
### #..####.....
..### #...♣TD.....
#...######
#.##)#......
.........# ##.##.#
.....
.......#.###..##..
....
.......#.#...######
... ...........###
.. ......##...# .
.........>.# {
......###.##


You could see a troll and a steam dragon.


Message History

You regained 13 hp, and now have 48/85 hp.
Unknown command.
You slice the orc priest!!
You kill the orc priest!
Okawaru accepts your kill. The killer bee stings you. 😮 HP[-1]
You take 1 damage, and now have 47/85 hp.
You miss the killer bee. The killer bee misses you.
The killer bee stings you but does no damage. 😮 HP[+1]
You slice the killer bee!!
You feel better.
You kill the killer bee!
Okawaru accepts your kill. 😕 HP[+17]
You regained 17 hp, and now have 65/85 hp.
Unknown command.
You hit the shadow but do no damage. The shadow barely misses you.
The shadow hits you! 😮 HP[-8]
You take 8 damage, and now have 57/85 hp.
You hit the shadow but do no damage. The shadow barely misses you. 😮 HP[+1]
You slash the shadow!
The shadow slips into darkness.
The shadow flickers and vanishes for a moment.
Unknown command. 😮 HP[+2]
You regained 2 hp, and now have 60/85 hp.
You slash the shadow!
You destroy the shadow!
Okawaru accepts your kill.
You can now enter into single combat with a foe.
Okawaru will now gift you equipment as you gain piety.
You feel a little less mighty now.
Your Invocations skill increases to level 7! 😮 HP[+1]
You slash the troll! The troll barely misses you.
The troll claws you but does no damage. x2; You block the troll's attack.
The troll barely misses you. The troll claws you! 😮 HP[-6]
You take 6 damage, and now have 55/85 hp.
You slash the troll! The troll barely misses you. The troll claws you.
The troll claws you! 😮 HP[-10]
You take 10 damage, and now have 45/85 hp.
Unknown command.
You hit the troll.
You feel better. The troll bites you!
* * * LOW HITPOINT WARNING * * *
The troll barely misses you. The troll claws you!
* * * LOW HITPOINT WARNING * * *
😨 HP[-12]
You take 12 damage, and now have 33/85 hp.
You hit the troll but do no damage. You block the troll's attack.
The troll claws you.
* * * LOW HITPOINT WARNING * * *
The troll closely misses you. 😨 HP[-2]
You take 2 damage, and now have 31/85 hp.
Unknown command.
You hit the troll. The troll bites you.
* * * LOW HITPOINT WARNING * * *
You block the troll's attack.
The troll claws you but does no damage. 😨 HP[-3]
You take 3 damage, and now have 28/85 hp.
You hit the troll.
You feel better. You block the troll's attack.
The troll barely misses you. x2 😨 HP[+3]
You regained 3 hp, and now have 31/85 hp.
You barely miss the troll. You block the troll's attack. The troll claws you!
* * * LOW HITPOINT WARNING * * *
The troll claws you.
* * * LOW HITPOINT WARNING * * *
Unknown command. 😱 HP[-12] MP[+1]
You take 12 damage, and now have 19/85 hp.
Your mp is fully restored (15).
You completely miss the troll. The troll bites you.
* * * LOW HITPOINT WARNING * * *
The troll barely misses you. The troll claws you.
* * * LOW HITPOINT WARNING * * *
😱 HP[-8]
You take 8 damage, and now have 11/85 hp.
Unknown command.
Really quaff the potion of lignification?
You turn into a tree.
The +1 chain mail of the Flute {+Blink rC+ Will+} melds into your body.
Your roots penetrate the ground.
You block the troll's attack.
The troll claws you but does no damage. x2 😱 HP[+7]
You now have 127 max hp (+42).
You regained 7 hp, and now have 18/127 hp.
Unknown command.
You hit the troll. The troll bites you!
* * * LOW HITPOINT WARNING * * *
The troll barely misses you. The troll claws you but does no damage.
The troll bites you.
* * * LOW HITPOINT WARNING * * *
The troll claws you!
You die...

Skill      XL: |  1  2  3  4  5  6  7  8  9 10 |
---------------+-------------------------------+-----
Axes           | 3 4 6 7 8 |  8.0
Fighting       | 4 6 8 10 | 10.0
Armour         | 4 6 8 10 | 10.0
Invocations    | 7 |  7.0
Shields        | |  4.0

Action                     |  1- 3 |  4- 6 |  7- 9 | 10-12 || total
---------------------------+-------+-------+-------+-------++-------
  Melee: War axe           |    81 |   111 |   374 |   152 ||   718
Ability: Dig               |       |       |     1 |       ||     1
  Evoke: Wand              |       |       |     3 |       ||     3
    Use: Scroll            |     5 |       |    11 |     1 ||    17
         Potion            |       |       |     3 |     7 ||    10
 Armour: Scale mail        |    42 |    43 |       |       ||    85
         Chain mail        |       |    22 |   297 |    93 ||   412
         Skin              |       |       |       |    41 ||    41
  Dodge: Dodged            |    36 |    45 |   169 |    77 ||   327
  Block: Buckler           |    19 |    30 |    94 |    64 ||   207

Levels and vault maps discovered:
D:1:      heliophobic_arrival_enchanted_forest, layout_loops_ring,
          hangedman_decor_points, nicolae_concentric_dashed_squares_mild,
          glass_columns_a, minmay_tree_intersection
D:2:      layout_basic, serial_curves, eino_curves_03, eino_curves_03
D:3:      layout_basic, tgw_trog, hangedman_feature_mirror,
          hangedman_glass_teeth, minmay_lizard_king, uniq_terence, uniq_natasha,
          uniq_sigmund, uniq_ijyb, uniq_pargi
D:4:      layout_gridville, nicolae_dithmenos_through_a_glass_darkly,
          mainiacjoe_overflow_cross_hatched, gammafunk_temple_overflow_statue,
          minmay_temple_entry_offerings, dreamdust_princess_corridor,
          nicolae_inconvenience_store
D:5:      layout_rooms, kennysheep_okawaru_gauntlet, zin_statuary,
          mainiacjoe_overflow_surrounded_room
D:6:      layout_gridville, mainiacjoe_overflow_catwalk, gup_sewer_entry_bubbles
D:7:      layout_rooms, nemelex_spade_bored_becter
D:8:      gammafunk_sealed_arena, layout_cave_pods, nicolae_evil_shop
D:9:      minmay_four_partial_circles, layout_basic
Temple:   minmay_freezing_vapour_temple

Notes
Turn   | Place    | Note
-------+----------+-------------------------------------------
     0 | D:1      | ytrimaz the Formicid Fighter began the quest for the Orb.
     0 | D:1      | Reached XP level 1. HP: 18/18 MP: 1/1
     0 | D:1      | magus.rc [v1.9.6]
    78 | D:1      | You pick up a book of Blood and begin reading...
    78 | D:1      | You add the spells Sublimation of Blood, Wereblood and
                  | Summon Hydra to your library.
   252 | D:1      | You pick up a book of Fire and begin reading...
   252 | D:1      | You add the spells Foxfire, Fireball and Starburst to your
                  | library.
   262 | D:1      | Reached XP level 2. HP: 24/24 MP: 2/2
   485 | D:1      | Reached skill level 3 in Axes
   551 | D:1      | You pick up a book of Alchemy and begin reading...
   551 | D:1      | You add the spells Petrify and Irradiate to your library.
   811 | D:2      | Reached XP level 3. HP: 23/29 MP: 3/3
   986 | D:2      | You fall into a shaft and drop 1 floor!
  1280 | D:3      | Noticed Natasha
  1289 | D:3      | Killed Natasha
  1290 | D:3      | Reached skill level 4 in Axes
  1290 | D:3      | Reached XP level 4. HP: 24/35 MP: 4/4
  1458 | D:3      | Noticed a moth of wrath
  1461 | D:3      | Found a bloodstained altar of Trog.
  1526 | D:3      | Reached XP level 5. HP: 30/41 MP: 5/5
  1532 | D:3      | Reached skill level 5 in Axes
  1615 | D:3      | Identified the +1 chain mail of the Flute {+Blink rC+
                  | Will+}
  1633 | D:3      | Noticed Ijyb
  1663 | D:3      | Killed Ijyb
  1719 | D:3      | Noticed Sigmund
  1731 | D:3      | Killed Sigmund
  1732 | D:3      | Reached skill level 6 in Axes
  1732 | D:3      | Reached XP level 6. HP: 47/47 MP: 6/6
  1925 | D:3      | Noticed Natasha
  1931 | D:3      | Killed Natasha
  1932 | D:3      | Reached skill level 7 in Axes
  1932 | D:3      | Reached XP level 7. HP: 52/52 MP: 7/7
  1959 | D:3      | Noticed Pargi
  1980 | D:3      | Killed Pargi
  2141 | D:3      | Noticed Terence
  2152 | D:3      | Killed Terence
  2226 | D:4      | Found a hazy altar of Hepliaklqana.
  2386 | D:4      | Found a staircase to the Ecumenical Temple.
  2396 | D:4      | You pick up a book of Debilitation and begin reading...
  2396 | D:4      | You add the spells Slow, Vampiric Draining and Confusing
                  | Touch to your library.
  2431 | D:5      | Entered Level 5 of the Dungeon
  2449 | Temple   | Entered the Ecumenical Temple
  2653 | D:4      | Reached skill level 8 in Axes
  2676 | D:4      | Found Xivisal's Distillery.
  2862 | D:4      | Found a broken altar of Ashenzari.
  2862 | D:4      | Found a white marble altar of Elyvilon.
  2923 | D:4      | Found a shadowy altar of Dithmenos.
  3092 | D:4      | Bought a potion of degeneration for 13 gold pieces
  3092 | D:4      | Bought a potion of brilliance for 52 gold pieces
  3092 | D:4      | Bought a potion of curing for 39 gold pieces
  3092 | D:4      | Bought a potion of lignification for 39 gold pieces
  3092 | D:4      | Bought a potion of curing for 39 gold pieces
  3092 | D:4      | Bought a potion of curing for 39 gold pieces
  3277 | D:5      | Found an iron altar of Okawaru.
  3285 | D:5      | Became a worshipper of Warmaster Okawaru
  3342 | D:5      | Reached skill level 4 in Fighting
  3342 | D:5      | Reached skill level 4 in Armour
  3342 | D:5      | Reached XP level 8. HP: 37/60 MP: 8/8
  3495 | D:5      | Reached * piety under Okawaru
  3496 | D:5      | Reached skill level 5 in Fighting
  3496 | D:5      | Reached skill level 5 in Armour
  3568 | D:5      | Found a stormy altar of Qazlal.
  3694 | D:5      | Found a glowing silver altar of Zin.
  4077 | D:6      | Reached skill level 6 in Fighting
  4077 | D:6      | Reached skill level 6 in Armour
  4114 | D:6      | Reached XP level 9. HP: 21/70 MP: 9/9
  4237 | D:6      | Reached ** piety under Okawaru
  4440 | D:6      | Found a burning altar of Makhleb.
  4496 | D:6      | Found a glowing drain.
  4505 | D:6      | Reached skill level 7 in Fighting
  4505 | D:6      | Reached skill level 7 in Armour
  4507 | Sewer    | Entered a sewer
  4697 | Sewer    | Found a viscous altar of Jiyva.
  4774 | D:6      | Noticed an unseen horror
  4784 | D:6      | Killed an unseen horror
  5093 | D:7      | Reached skill level 8 in Armour
  5109 | D:7      | Reached *** piety under Okawaru
  5110 | D:7      | Reached skill level 8 in Fighting
  5179 | D:7      | Found a sparkling altar of Nemelex Xobeh.
  5276 | D:7      | You pick up a book of Dreams and begin reading...
  5276 | D:7      | You add the spells Ensorcelled Hibernation, Spider Form and
                  | Anguish to your library.
  5440 | D:7      | Reached XP level 10. HP: 82/82 MP: 10/10
  5621 | D:8      | Noticed a boulder beetle
  5621 | D:8      | Noticed a cyclops
  5621 | D:8      | Noticed a manticore
  5621 | D:8      | Noticed a purple ugly thing
  5621 | D:8      | Found a transporter.
  5624 | D:8      | Noticed a boulder beetle
  5630 | D:8      | Noticed a yaktaur
  5633 | D:8      | Found a transporter.
  5806 | D:8      | Reached skill level 9 in Fighting
  5806 | D:8      | Reached skill level 9 in Armour
  5874 | D:8      | Found Yvunos's Evil Emporium.
  5890 | D:8      | Bought a +0 vampiric war axe for 175 gold pieces
  5969 | D:8      | You pick up a book of Frost and begin reading...
  5969 | D:8      | You add the spells Freeze, Frozen Ramparts and Hailstorm to
                  | your library.
  6228 | D:8      | Reached **** piety under Okawaru
  6297 | D:8      | You add the spells Passage of Golubria and Yara's Violent
                  | Unravelling to your library.
  6534 | D:9      | Reached skill level 10 in Fighting
  6534 | D:9      | Reached skill level 10 in Armour
  6534 | D:9      | Reached skill level 1 in Invocations
  6631 | D:9      | HP: 19/85 [orc warrior/+0 hand axe (5)]
  6634 | D:9      | Reached skill level 2 in Invocations
  6635 | D:9      | HP: 5/85 [orc warrior/+0 hand axe (9)]
  6641 | D:9      | Reached skill level 3 in Invocations
  6651 | D:9      | Reached skill level 4 in Invocations
  6657 | D:9      | Reached skill level 5 in Invocations
  6671 | D:9      | Reached skill level 6 in Invocations
  6685 | D:9      | Reached ***** piety under Okawaru
  6686 | D:9      | Reached skill level 7 in Invocations
  6692 | D:9      | HP: 19/85 [troll (6)]
  6695 | D:9      | HP: 7/127 [troll (4)]
  6695 | D:9      | Slain by a troll

Vanquished Creatures
  An unseen horror (D:6)
  Sigmund (D:3)
  A yak (D:9)
  2 shadows (D:9)
  A wyvern (D:9)
  2 steam dragons (D:8)
  2 acid dragons
  2 black bears
  2 orc warriors
  A sky beast (D:8)
  An ice beast (D:7)
  Pargi (D:3)
  2 ogres (D:6)
  3 centaurs
  4 kobold brigands
  8 bullfrogs
  A gnoll sergeant (D:7)
  2 scorpions
  2 killer bees (D:9)
  7 howler monkeys
  7 jellies
  A gnoll bouda (D:7)
  A sleepcap (D:5)
  4 hounds
  8 orc priests
  Terence (D:3)
  2 iguanas (D:5)
  Ijyb (D:3)
  10 orc wizards
  Natasha (twice) (D:3)
  8 adders
  12 gnolls
  3 river rats
  A shadow imp (D:7)
  2 white imps
  2 worms (D:3)
  A dart slug (D:3)
  27 orcs
  8 ball pythons
  A bat (D:3)
  13 endoplasms
  5 giant cockroaches
  10 goblins
  4 hobgoblins
  2 jackals (D:3)
  22 kobolds
  5 quokkas
  15 frilled lizards
  13 rats
237 creatures vanquished.

Vanquished Creatures (others)
  A kobold (D:8)
  8 plants (D:3)
9 creatures vanquished.

Grand Total: 246 creatures vanquished

Table legend:
 A = Non-vault XP
 B = Vault XP
 C = Vault XP percentage of total XP
 D = Non-vault monster count
 E = Vault monster count
 F = Vault count percentage of total count
                 A         B        C        D         E       F
            +---------+---------+-------+---------+---------+-------
      Total |    5593 |    1964 |  26.0 |     174 |      63 |  26.6
            +---------+---------+-------+---------+---------+-------
        D:1 |      22 |       0 |   0.0 |      13 |       0 |   0.0
        D:2 |      29 |       0 |   0.0 |      11 |       0 |   0.0
        D:3 |     166 |     500 |  75.1 |      28 |      19 |  40.4
        D:4 |     133 |       0 |   0.0 |      13 |       0 |   0.0
        D:5 |     745 |       3 |   0.4 |      25 |       2 |   7.4
        D:6 |    1145 |      20 |   1.7 |      18 |       5 |  21.7
        D:7 |     944 |       0 |   0.0 |      29 |       0 |   0.0
        D:8 |    1273 |       0 |   0.0 |      23 |       0 |   0.0
        D:9 |    1136 |    1200 |  51.4 |      14 |      12 |  46.2
      Sewer |       0 |     241 | 100.0 |       0 |      25 | 100.0
            +---------+---------+-------+---------+---------+-------

Illustrated notes

Table legend:
 A = Kills in this place as a percentage of kills in the entire game.
 B = Kills by you in this place as a percentage of kills by you in the entire game.
 C = Kills by friends in this place as a percentage of kills by friends in the entire game.
 D = Other kills in this place as a percentage of other kills in the entire game.
 E = Experience gained in this place as a percentage of experience gained in the entire game.
 F = Experience gained in this place divided by the number of levels of this place that you have seen.
                   A       B       C       D       E      F
               +-------+-------+-------+-------+-------+----------------------
         Total | 100.0 | 100.0 |   N/A |   N/A | 100.0 | 687.0
       Dungeon |  89.5 |  89.5 |   N/A |   N/A |  96.8 | 812.9
         Sewer |  10.5 |  10.5 |   N/A |   N/A |   3.2 | 241.0
               +-------+-------+-------+-------+-------+----------------------

Table legend: (Time is in decaauts)
 A = Elapsed time spent in this place.
 B = Non-inter-level travel time spent in this place.
 C = Inter-level travel time spent in this place.
 D = Time resting spent in this place.
 E = Time spent auto-exploring this place.
 F = Levels seen in this place.
 G = Mean time per level.
                   A        B        C        D        E       F      G
               +--------+--------+--------+--------+--------+-----+--------+
         Total |   6874 |   6631 |    243 |    110 |   4686 |  11 |  624.9 |
       Dungeon |   6587 |   6344 |    243 |    110 |   4574 |   9 |  731.9 |
        Temple |     16 |     16 |      0 |      0 |     10 |   1 |   16.0 |
         Sewer |    270 |    270 |      0 |      0 |    102 |   1 |  270.0 |
               +--------+--------+--------+--------+--------+-----+--------+

Top non-repeatable levels by time:
     D:3: 998 daAuts
     D:6: 979 daAuts
     D:4: 964 daAuts
     D:8: 904 daAuts
     D:5: 691 daAuts
     D:1: 691 daAuts
     D:7: 593 daAuts
     D:2: 577 daAuts
   Sewer: 270 daAuts
     D:9: 187 daAuts
  Temple: 16 daAuts
